 Dungeon Crawl Stone Soup version 0.20-a0-32-gb8e7c72 (webtiles) character file.

36750 KristoblXynda the Unseen (level 13, -4/54 HPs)
             Began as a Spriggan Artificer on Nov 9, 2016.
             Was a High Priest of Ashenzari.
             Killed by divine providence
             ... invoked by a smoke demon
             ... summoned by an orc sorcerer
              (10 damage)
             ... on level 2 of the Orcish Mines.
             The game lasted 00:53:53 (21388 turns).

KristoblXynda the Unseen (Spriggan Artificer)      Turns: 21388, Time: 00:53:54

Health: -4/54      AC: 11    Str: 10    XL:     13   Next: 54%
Magic:  39/39      EV: 33    Int: 26    God:    Ashenzari [*****.]
Gold:   990        SH:  9    Dex: 20    Spells: 2 memorised, 29 levels left

rFire  . . .     SeeInvis +     p - +2 dagger (drain)
rCold  + . .     Gourm    .     n - +2 robe {rC+} (curse)
rNeg   . . .     Faith    .     d - +0 buckler (curse)
rPois  +         Spirit   .     c - +3 hat of Pondering {ponderous, MR+ MP+10 Int+5} (curse)
rElec  .         Reflect  .     u - +1 cloak (curse)
rCorr  .         Harm     .     (gloves unavailable)
MR     +++..     Clarity  +     (boots unavailable)
Stlth  +++++++...               (no amulet)
                                s - ring of poison resistance (curse)
                                a - +5 ring of intelligence (curse)

@: very quick
A: unfitting armour, hooves 3, horns 1, thin metallic scales 1, see invisible,
agile 1, clarity, herbivore 3, speed 3, frail 1, slow metabolism 2, strong 1,
wild magic 1, evolution 1
a: Curse Item, Scrying, Transfer Knowledge, Renounce Religion


You were on level 2 of the Orcish Mines.
You worshipped Ashenzari.
Ashenzari was extremely pleased with you.
You were not hungry.

You visited 5 branches of the dungeon, and saw 20 of its levels.
You also visited: Sewer.

You collected 990 gold pieces.

Inventory:

Hand Weapons
 p - a +2 dagger of draining (weapon)
Armour
 c - the cursed +3 hat of Pondering (worn) {ponderous, MR+ MP+10 Int+5}
   (You took it off Gastronok on level 1 of the Lair of Beasts)

   It affects your intelligence (+5).
   It affects your resistance to hostile enchantments.
   It affects your magic capacity (+10).
   It has a curse placed upon it.
 d - a cursed +0 buckler (worn)
 n - a cursed +2 robe of cold resistance (worn)
 u - a cursed +1 cloak (worn)
Rods
 y - a +0 rod of ignition (14/14)
   (You found it on level 5 of the Dungeon)
Jewellery
 a - a cursed +5 ring of intelligence (left hand)
 s - a cursed ring of poison resistance (right hand)
Wands
 i - a wand of hasting (0/9)
 l - a wand of teleportation (0/9)
 G - a wand of confusion (0/48)
Scrolls
 m - a scroll of remove curse
 o - a scroll of blinking
Potions
 j - 2 potions of lignification
 k - 2 potions of cancellation
 q - a potion of flight
 r - 3 potions of haste
 B - a potion of berserk rage
Miscellaneous
 g - a crystal ball of energy
Comestibles
 f - 8 bread rations
 x - 5 fruits
 D - 3 slices of pizza


   Skills:
 - Level 4.2 Fighting
 - Level 7.1 Short Blades
 - Level 3.4 Armour
 + Level 12.0(15.6) Dodging
 + Level 15.9(19.3) Stealth
 - Level 6.3(9.0) Shields
 + Level 11.3 Spellcasting
 - Level 4.1(6.6) Charms
 - Level 5.1(7.7) Necromancy
 - Level 3.7(6.1) Translocations
 - Level 11.7(14.1) Evocations


You had 29 spell levels left.
You knew the following spells:

 Your Spells              Type           Power        Failure   Level  Hunger
a - Blink                 Tloc           N/A          1%          2    None
b - Regeneration          Chrm/Necr      ######....   1%          3    None


Dungeon Overview and Level Annotations

Branches:
Dungeon (10/15)            Temple (1/1) D:4            Lair (6/6) D:9
  Swamp (0/4) Lair:3        Snake (1/4) Lair:2        Slime (0/5) Lair:6
    Orc (2/2) D:9             Elf (0/3) Orc:2

Altars:
Ashenzari
Cheibriados
Dithmenos
Elyvilon
Fedhas
Gozag
Hepliaklqana
Kikubaaqudgha
Makhleb
Nemelex Xobeh
Okawaru
Qazlal
Ru
Sif Muna
Trog
Uskayaw
Vehumet
Xom
Yredelemnul
Zin
The Shining One
Beogh

Shops:
D:6 (


Innate Abilities, Weirdness & Mutations

You are very small and have problems with some larger weapons.
You are too small for most types of armour.
You have supernaturally acute eyesight. (SInv)
You are a herbivore.
You cover ground extremely quickly.
You need consume almost no food.
You have hooves in place of feet.
You have a pair of small horns on your head.
You are partially covered in thin metallic scales. (AC +2)
You are agile. (Dex +2)
You possess an exceptional clarity of mind.
You are frail. (-10% HP)
Your muscles are strong. (Str +2)
Your spells are a little harder to cast, but a little more powerful.
You evolve.


Message History

You barely miss the orc sorcerer.
You kick the orc sorcerer, but do no damage.
You are engulfed in a cloud of scalding steam.
Unknown command.
You hit the orc sorcerer. Your kick misses the orc sorcerer.
You headbutt the orc sorcerer, but do no damage.
The orc sorcerer is lightly wounded.
The orc sorcerer closely misses you. You block the smoke demon's attack. x2
The smoke demon completely misses you.
You hit the orc sorcerer. You drain the orc sorcerer!
You kick the orc sorcerer.
The orc sorcerer is moderately wounded.
The orc sorcerer is engulfed in a cloud of scalding steam.
The orc sorcerer casts a spell at you. The bolt of fire hits you!
Ouch! That really hurt!
* * * LOW HITPOINT WARNING * * *
The smoke demon gestures at you. Something smites you!
You die...

, , , *, *,* **
,, ,, ..#. * ,, ,
,.....,,, *.. * ,
,,,* , ,,,
.....,,,* *....,,
, , , ,,#....# **
*#..... , , ,
#.....# *#..$...
, ,,,,
.......*##.......
*,,,, , ,,,
......o##........
,, , , ,
#....@.........
*** ,
##.>3ยงยง.......#
* , , ,,, ,
#............. ,
, , *
##...#<....... ,
, , , ,,*
##.##........ , ,
,,, ##*###......,
,, ,, , ,,,
#...$. , * , *
,,,, * #.... , ,
*.... , ,*


You could see a smoke demon and an orc sorcerer.

Vanquished Creatures
  Gastronok (Lair:1)
  5 hydras
  A catoblepas (Lair:6)
  A naga sharpshooter (Snake:1)
  Nergalle (Lair:1)
  Sonja (Lair:4)
  A lindwurm (Lair:6)
  Pikel (D:6)
  An oklob plant (Lair:3)
  A manticore (Lair:6)
  Joseph (Lair:1)
  4 elephants (Lair:6)
  A black mamba (Lair:6)
  A torpor snail (Lair:4)
  13 spiny frogs
  5 rime drakes
  11 komodo dragons
  A two-headed ogre (D:8)
  3 polar bears
  9 blink frogs
  10 dream sheep (Lair:6)
  6 hippogriffs
  3 wyverns
  19 yaks
  5 basilisks
  3 hogs (D:7)
  A human (D:7)
  Eustachio (D:5)
  A hungry ghost (D:7)
  2 nagas
  4 porcupines
  10 water moccasins
  An orc warrior (D:6)
  A hornet zombie (D:9)
  A slave (D:6)
  2 phantoms
  15 wolves
  7 ogres
  3 centaurs
  6 crocodiles
  13 bullfrogs
  A wyvern skeleton (D:6)
  A scorpion (D:6)
  11 killer bees
  A howler monkey (D:8)
  2 crimson imps (D:7)
  A quasit (D:9)
  A gnoll shaman (D:4)
  8 orc priests
  A centaur skeleton (D:9)
  5 hounds
  5 jellies
  A bullfrog skeleton (D:4)
  Ijyb (D:2)
  Jessica (D:2)
  7 orc wizards
  3 iguanas
  4 worker ants
  2 howler monkey skeletons
  12 adders
  3 river rats
  3 shadow imps
  13 oozes
  5 worms
  2 adder skeletons
  3 dart slugs
  12 leopard geckos
  26 orcs
  4 bats (D:2)
  19 giant cockroaches
  6 goblins
  7 hobgoblins
  15 jackals
  7 quokkas
  11 ball pythons
  8 frilled lizards
  A jackal zombie (D:7)
  4 kobolds
  8 rats
  2 plants (Lair:3)
404 creatures vanquished.

Vanquished Creatures (collateral kills)
  An orc (D:3)
  A hobgoblin (D:3)
2 creatures vanquished.

Vanquished Creatures (others)
  9 fungi
  7 plants
16 creatures vanquished.

Grand Total: 422 creatures vanquished

Notes
Turn   | Place    | Note
-------+----------+-------------------------------------------
     0 | D:1      | KristoblXynda the Spriggan Artificer began the quest for the Orb.
     0 | D:1      | Reached XP level 1. HP: 9/9 MP: 4/4
    27 | D:1      | Reached skill level 2 in Stealth
   237 | D:1      | Reached XP level 2. HP: 14/14 MP: 6/6
   486 | D:1      | Reached skill level 1 in Fighting
   864 | D:1      | Reached XP level 3. HP: 18/18 MP: 7/7
   915 | D:2      | Noticed Jessica
   932 | D:2      | Killed Jessica
   932 | D:2      | Reached skill level 3 in Stealth
  1234 | D:2      | You fall through a shaft for 2 floors!
  1234 | D:4      | Noticed an ogre
  1244 | D:4      | Found a staircase to the Ecumenical Temple.
  1253 | Temple   | Entered the Ecumenical Temple
  1513 | D:3      | Reached skill level 5 in Evocations
  1517 | D:3      | Reached XP level 4. HP: 8/22 MP: 8/8
  1901 | D:3      | Reached XP level 5. HP: 24/26 MP: 10/10
  2321 | D:2      | Reached skill level 4 in Stealth
  2388 | D:2      | Noticed Ijyb
  2413 | D:2      | Killed Ijyb
  2969 | D:2      | Found a snail-covered altar of Cheibriados.
  3138 | D:3      | Reached skill level 5 in Dodging
  3176 | D:3      | Reached XP level 6. HP: 19/30 MP: 11/11
  3926 | D:4      | Reached skill level 5 in Stealth
  4009 | D:4      | Found a white marble altar of Elyvilon.
  4120 | D:4      | Found a shattered altar of Ashenzari.
  4209 | D:4      | Reached XP level 7. HP: 23/35 MP: 12/12
  4480 | D:4      | Reached skill level 6 in Stealth
  4709 | D:5      | Entered Level 5 of the Dungeon
  4750 | D:5      | Found a glowing drain.
  4787 | Sewer    | Entered a sewer
  5558 | Sewer    | Reached XP level 8. HP: 29/39 MP: 14/14
  5623 | D:5      | Reached skill level 7 in Stealth
  5646 | D:5      | Found a shattered altar of Ashenzari.
  5966 | D:5      | Reached skill level 5 in Short Blades
  6215 | D:5      | Noticed Eustachio
  6218 | D:5      | Identified a -3 rod of ignition (11/11) (You found it on level 5 of the Dungeon)
  6228 | D:5      | Killed Eustachio
  6228 | D:5      | Reached skill level 8 in Stealth
  6627 | D:5      | Became a worshipper of Ashenzari the Shackled
  6952 | D:6      | Found a deep blue altar of Sif Muna.
  6974 | D:6      | Reached XP level 9. HP: 36/43 MP: 16/16
  7008 | D:6      | Noticed Pikel
  7036 | D:6      | Your ally died
  7036 | D:6      | Reached skill level 9 in Stealth
  7061 | D:6      | Found Ceumomn's Antique Weapon Shop.
  7089 | D:6      | Found an ancient bone altar of Kikubaaqudgha.
  7603 | D:7      | Reached * piety under Ashenzari
  7679 | D:7      | Reached skill level 10 in Stealth
  8001 | D:7      | Reached skill level 10 in Dodging
  8001 | D:7      | Reached skill level 10 in Evocations
  9024 | D:7      | Found a burning altar of Makhleb.
  9026 | D:7      | Found a glowing silver altar of Zin.
  9027 | D:7      | Noticed an Executioner
  9027 | D:7      | Noticed an angel
  9224 | D:7      | Reached XP level 10. HP: 26/47 MP: 18/18
  9236 | D:7      | Reached skill level 11 in Stealth
  9412 | D:8      | Found a hazy altar of Hepliaklqana.
  9618 | D:8      | Found a shimmering altar of Xom.
  9619 | D:8      | Found a bloodstained altar of Trog.
  9678 | D:8      | Reached skill level 1 in Armour
  9938 | D:8      | Found a sacrificial altar of Ru.
 10333 | D:9      | Found a staircase to the Orcish Mines.
 10343 | D:9      | Learned a level 2 spell: Blink
 10347 | D:9      | Learned a level 3 spell: Regeneration
 10406 | D:9      | Found a sparkling altar of Nemelex Xobeh.
 10918 | D:9      | Reached skill level 1 in Spellcasting
 11409 | D:9      | Found a staircase to the Lair.
 11679 | D:9      | Reached ** piety under Ashenzari
 11736 | D:10     | Entered Level 10 of the Dungeon
 12159 | Lair:1   | Entered Level 1 of the Lair of Beasts
 12296 | Lair:1   | Noticed Joseph
 12301 | Lair:1   | Killed Joseph
 12316 | Lair:1   | Noticed a spiny frog
 12323 | Lair:1   | Killed a spiny frog
 12323 | Lair:1   | Reached skill level 12 in Stealth
 12488 | Lair:1   | Noticed a spiny frog
 12496 | Lair:1   | Killed a spiny frog
 12505 | Lair:1   | Gained mutation: You are frail. (-10% HP) [potion of mutation]
 12505 | Lair:1   | Gained mutation: Your muscles are strong. (Str +2) [potion of mutation]
 12505 | Lair:1   | Gained mutation: You evolve. [potion of mutation]
 12506 | Lair:1   | Gained mutation: You have large cloven feet. [potion of mutation]
 12506 | Lair:1   | Gained mutation: You have hoof-like feet. [potion of mutation]
 12507 | Lair:1   | Gained mutation: You have a pair of small horns on your head. [potion of mutation]
 12507 | Lair:1   | Gained mutation: You have hooves in place of feet. [potion of mutation]
 12563 | Lair:1   | Noticed a spiny frog
 12574 | Lair:1   | Killed a spiny frog
 12581 | Lair:1   | Noticed Nergalle
 12588 | Lair:1   | Killed Nergalle
 12588 | Lair:1   | Reached XP level 11. HP: 45/45 MP: 20/20
 13195 | Lair:1   | Noticed Gastronok
 13330 | Lair:1   | Gained mutation: Your spells are a little harder to cast, but a little more powerful. [evolution]
 13339 | Lair:1   | Killed Gastronok
 13339 | Lair:1   | Reached skill level 13 in Stealth
 13339 | Lair:1   | Reached skill level 1 in Shields
 13339 | Lair:1   | Reached skill level 5 in Spellcasting
 13660 | Lair:2   | Noticed a four-headed hydra
 13718 | Lair:2   | Noticed a five-headed hydra
 13744 | Lair:2   | Killed a five-headed hydra
 13744 | Lair:2   | Reached skill level 1 in Necromancy
 14026 | Lair:2   | Killed a four-headed hydra
 14264 | Lair:2   | Reached skill level 14 in Stealth
 14446 | Lair:2   | Noticed a six-headed hydra
 14483 | Lair:2   | Killed a six-headed hydra
 14659 | Lair:2   | Found a staircase to the Snake Pit.
 14689 | Lair:2   | Reached XP level 12. HP: 34/50 MP: 24/24
 14704 | Lair:2   | Gained mutation: You are partially covered in thin metallic scales. (AC +2) [evolution]
 14735 | Snake:1  | Entered Level 1 of the Snake Pit
 14786 | Lair:3   | Reached *** piety under Ashenzari
 14881 | Lair:3   | Found a staircase to the Swamp.
 15819 | Lair:4   | Noticed a five-headed hydra
 15834 | Lair:4   | Killed a five-headed hydra
 16316 | Lair:4   | Reached skill level 5 in Necromancy
 16366 | Lair:4   | Noticed Sonja
 16403 | Lair:4   | Reached skill level 1 in Charms
 16528 | Lair:4   | Reached skill level 5 in Shields
 16553 | Lair:4   | Reached **** piety under Ashenzari
 16991 | Lair:4   | Killed Sonja
 17232 | Lair:5   | Gained mutation: You possess an exceptional clarity of mind. [potion of beneficial mutation]
 17825 | Lair:6   | Entered Level 6 of the Lair of Beasts
 17851 | Lair:6   | Found a staircase to the Slime Pits.
 17985 | Lair:6   | Reached skill level 10 in Spellcasting
 17999 | Lair:6   | Gained mutation: You are agile. (Dex +2) [evolution]
 18087 | Lair:6   | Reached XP level 13. HP: 44/54 MP: 28/28
 18848 | Lair:6   | Reached skill level 15 in Stealth
 19275 | Lair:6   | Reached ***** piety under Ashenzari
 21357 | Orc:1    | Entered Level 1 of the Orcish Mines
 21357 | Orc:1    | Found a roughly hewn altar of Beogh.
 21377 | Orc:2    | Entered Level 2 of the Orcish Mines
 21377 | Orc:2    | Found a staircase to the Elven Halls.
 21388 | Orc:2    | Killed from afar by a smoke demon

Vault maps used:
D:1:      mushboom_english_gardens
D:2:      kennysheep_slug_shrine, uniq_jessica, uniq_iyjb
D:3:      minmay_wonky_spiral
D:4:      kennysheep_spiral_hall, marbit_many_paths, kennysheep_little_box,
          kennysheep_generic_room_8
D:5:      first_bread, portal_sewer_entry_c, evilmike_ruin_ashenzari,
          uniq_eustachio
D:6:      kennysheep_mini, kennysheep_mini_moat, serial_shops, shop, uniq_pikel
D:7:      grunt_temple_overflow_order_and_chaos_2, grunt_livestock,
          minmay_crystal_room
D:8:      gammafunk_temple_overflow_pools, nicolae_overflow_crystal_walls,
          overflow_temple_1_default, st_stairs_4
D:9:      nemelex_xobeh_ov_fountains_minmay, david_lair_shrubbed, orc_0_dummy
D:10:     special_room
Temple:   compressed_dpeg_triangle_lava_temple
Lair:1:   patterned_corridor, uniq_gastronok, uniq_joseph, uniq_nergalle
Lair:2:   guppyfry_snake_entry_garden
Lair:3:   minmay_lair_oklob_chamber, minmay_swamp_entry_eels
Lair:4:   uniq_sonja
Lair:6:   hangedman_lair_in_review, slime_dummy, grunt_megastairs_5
Snake:1:  special_room
Orc:1:    basic_altar, serial_shops, shop, portal_ice_cave_entry_ice_beasts,
          uniq_harold, uniq_fannar
Orc:2:    st_orc_open, okawaru_metal_pillars_3
Sewer:    sewer_frog_island_02

Skill      XL: |  1  2  3  4  5  6  7  8  9 10 11 12 13 |
---------------+----------------------------------------+-----
Stealth        | 2 3 4 5 6 8 10 12 14 15 | 15.9
Fighting       | 1 2 3 4 |  4.2
Dodging        | 4 5 7 8 10 11 12 | 12.0
Evocations     | 5 6 7 8 10 11 | 11.7
Short Blades   | 2 4 5 7 |  7.1
Armour         | 3 |  3.4
Spellcasting   | 4 7 10 11 | 11.3
Shields        | 3 5 6 |  6.3
Translocations | 3 |  3.7
Necromancy     | 3 5 |  5.1
Charms         | 4 |  4.1

Action                   |  1- 3 |  4- 6 |  7- 9 | 10-12 | 13-15 || total
-------------------------+-------+-------+-------+-------+-------++-------
Melee: Short sword       |    65 |    15 |   156 |   196 |       ||   432
       Dagger            |     6 |   199 |   450 |   705 |   441 ||  1801
       Kick              |       |       |       |   193 |   191 ||   384
       Headbutt          |       |       |       |   119 |   135 ||   254
Invok: Curse Item        |       |       |     1 |     5 |       ||     6
Evoke: Wand              |    12 |    17 |    26 |    50 |     9 ||   114
       Rod               |       |       |     6 |     5 |     7 ||    18
  Use: Scroll            |     2 |     7 |     8 |    14 |     3 ||    34
       Potion            |       |       |     3 |    14 |     3 ||    20
 Stab: Sleeping          |     6 |    10 |     9 |    33 |     3 ||    61
       Paralysed         |       |     1 |     4 |     2 |       ||     7
       Distracted        |       |     1 |     1 |     2 |     1 ||     5
       Confused          |       |       |     1 |    21 |       ||    22
       Invisible         |       |       |       |     2 |       ||     2
       Petrified         |       |       |       |       |     2 ||     2
       Petrifying        |       |       |       |       |     1 ||     1
  Eat: Bread ration      |       |     1 |     1 |       |     1 ||     3
       Pizza             |       |       |       |     7 |     1 ||     8
       Royal jelly       |       |       |       |     1 |       ||     1
Armor: Robe              |     6 |    20 |    67 |    51 |    32 ||   176
       Skin              |       |       |       |     7 |       ||     7
Dodge: Dodged            |    50 |   154 |   567 |   523 |   279 ||  1573
Block: Buckler           |       |       |       |   124 |   132 ||   256
